APL (24 & UNDER)
KENOSHA KINGFISH @ SCOTTSDALE SCORPIONS
06/04/2029
 
TOP OF THE 1ST
Kenosha Kingfish batting - Pitching for Scottsdale Scorpions : RHP John Robinson
Pitching: RHP John Robinson
Batting: LHB Justin McCoy 0-0: Swinging Strike
0-1: Ball
1-1: SINGLE (Line Drive, 34)
Batting: LHB Pat Williams 0-0: Ball
Justin McCoy is caught stealing 2nd base
1-0: Called Strike
1-1: Swinging Strike
1-2: Ball
2-2: Foul Ball, location: 2F
2-2: Ground out 5-3 (Groundball, 56)
Batting: RHB Marcus Pittman 0-0: Called Strike
0-1: Hit by Pitch
Batting: RHB Armando Arellano 0-0: Called Strike
0-1: Ball
1-1: Foul Ball, location: 2F
1-2: Hit by Pitch
Marcus Pittman to second
Batting: LHB Juan Rodríguez 0-0: Ball
1-0: Called Strike
1-1: Swinging Strike
1-2: Strikes out looking
Top of the 1st over - 0 runs, 1 hit, 0 errors, 2 left on base; Kenosha 0 - Scottsdale 0
BOTTOM OF THE 1ST
Scottsdale Scorpions batting - Pitching for Kenosha Kingfish : RHP Raúl Cruz
Pitching: RHP Raúl Cruz
Batting: LHB Ernesto Hernández 0-0: Called Strike
0-1: Foul Ball, location: 2F
0-2: Strikes out swinging
Batting: LHB Clayton Bailey 0-0: Ball
1-0: SOLO HOME RUN (Flyball, 9D), Distance : 339 ft
Batting: LHB Pedro Díaz 0-0: Ball
1-0: Swinging Strike
1-1: Swinging Strike
1-2: Ball
2-2: Fly out, F5 (Line Drive, 56)
Batting: SHB Arnold Moore 0-0: Ball
1-0: Ball
2-0: SINGLE (Line Drive, 4D)
Batting: RHB Steve Boyer 0-0: Fly out, F7 (Flyball, 7S)
Bottom of the 1st over - 1 run, 2 hits, 0 errors, 1 left on base; Kenosha 0 - Scottsdale 1
TOP OF THE 2ND
Kenosha Kingfish batting - Pitching for Scottsdale Scorpions : RHP John Robinson
Batting: RHB Ron Campbell 0-0: Called Strike
0-1: Ground out U3 (Groundball, 34S)
Batting: RHB Juan Escalante 0-0: Called Strike
0-1: Foul Ball, location: 2F
0-2: Strikes out swinging
Batting: LHB Josh Peterson 0-0: Ball
1-0: Ball
2-0: Swinging Strike
2-1: Ball
3-1: Foul Ball, location: 2F
3-2: Base on Balls
Batting: SHB José Ayala 0-0: Foul Ball, location: 2F
0-1: Reached on error, E5 (Groundball, 56S)
Josh Peterson to second
Batting: LHB Justin McCoy 0-0: Called Strike
0-1: Ground out 1-3 (Groundball, P)
Top of the 2nd over - 0 runs, 0 hits, 1 error, 2 left on base; Kenosha 0 - Scottsdale 1
BOTTOM OF THE 2ND
Scottsdale Scorpions batting - Pitching for Kenosha Kingfish : RHP Raúl Cruz
Batting: RHB Edgardo Gonzáles 0-0: Swinging Strike
0-1: Foul Ball, location: 2F
0-2: Strikes out swinging
Batting: LHB Tony Ayala 0-0: Ball
1-0: Called Strike
1-1: Ball
2-1: Swinging Strike
2-2: Ball
3-2: Strikes out swinging
Batting: RHB Ronald Smith 0-0: Called Strike
0-1: Ball
1-1: SINGLE (Flyball, 8RS)
Batting: RHB José Méndez 0-0: Called Strike
0-1: Swinging Strike
0-2: Ball
1-2: Foul Ball, location: 2F
1-2: Foul Ball, location: 2F
1-2: Foul Ball, location: 2F
1-2: Fly out, F9 (Flyball, 9LSF)
Bottom of the 2nd over - 0 runs, 1 hit, 0 errors, 1 left on base; Kenosha 0 - Scottsdale 1
TOP OF THE 3RD
Kenosha Kingfish batting - Pitching for Scottsdale Scorpions : RHP John Robinson
Batting: LHB Pat Williams 0-0: Foul Ball, location: 2F
0-1: Called Strike
0-2: Ground out 6-3 (Groundball, 6)
Batting: RHB Marcus Pittman 0-0: Ball
1-0: Ball
2-0: Called Strike
2-1: Ground out 4-3 (Groundball, 34)
Batting: RHB Armando Arellano 0-0: Ball
1-0: Ground out 6-3 (Groundball, 6)
Top of the 3rd over - 0 runs, 0 hits, 0 errors, 0 left on base; Kenosha 0 - Scottsdale 1
BOTTOM OF THE 3RD
Scottsdale Scorpions batting - Pitching for Kenosha Kingfish : RHP Raúl Cruz
Batting: LHB Ernesto Hernández 0-0: Fly out, F8 (Flyball, 8RD)
Batting: LHB Clayton Bailey 0-0: Fly out, F3 (Line Drive, 3)
Batting: LHB Pedro Díaz 0-0: Called Strike
0-1: DOUBLE (Line Drive, 8RXD)
Batting: SHB Arnold Moore 0-0: Foul Ball, location: 2F
0-1: Foul Ball, location: 2F
0-2: Ball
1-2: Ball
2-2: 2-RUN HOME RUN (Flyball, 9D), Distance : 338 ft
Batting: RHB Steve Boyer 0-0: Called Strike
0-1: Called Strike
0-2: Ball
1-2: Reached on error, E5 (Groundball, 56)
Batting: RHB Edgardo Gonzáles 0-0: Ball
1-0: Ball
2-0: Ball
3-0: Called Strike
3-1: Reached on error, E4 (Groundball, 4MS)
Steve Boyer scores
Batting: LHB Tony Ayala 0-0: Ball
1-0: Ball
2-0: SINGLE (Line Drive, 34)
Edgardo Gonzáles to third
Batting: RHB Ronald Smith 0-0: Foul Ball, location: 2F
0-1: Called Strike
0-2: Strikes out swinging
Bottom of the 3rd over - 3 runs, 3 hits, 2 errors, 2 left on base; Kenosha 0 - Scottsdale 4
TOP OF THE 4TH
Kenosha Kingfish batting - Pitching for Scottsdale Scorpions : RHP John Robinson
Batting: LHB Juan Rodríguez 0-0: Ball
1-0: Called Strike
1-1: Ball
2-1: Fly out, F9 (Flyball, 9LD)
Batting: RHB Ron Campbell 0-0: Foul Ball, location: 2F
0-1: Ball
1-1: Ball
2-1: Foul Ball, location: 2F
2-2: Ground out 1-3 (Groundball, 13)
Batting: RHB Juan Escalante 0-0: Ball
1-0: Fly out, F4 (Popup, 4M)
Top of the 4th over - 0 runs, 0 hits, 0 errors, 0 left on base; Kenosha 0 - Scottsdale 4
BOTTOM OF THE 4TH
Scottsdale Scorpions batting - Pitching for Kenosha Kingfish : RHP Raúl Cruz
Batting: RHB José Méndez 0-0: Called Strike
0-1: Ball
1-1: SINGLE (Line Drive, 5)
Batting: LHB Ernesto Hernández 0-0: 2-RUN HOME RUN (Flyball, 7LD), Distance : 333 ft
Pitching: LHP Javier Robles
Batting: LHB Clayton Bailey 0-0: Called Strike
0-1: Ball
1-1: Ball
2-1: Foul Ball, location: 2F
2-2: Ball
3-2: Fly out, F9 (Flyball, 9D)
Batting: LHB Pedro Díaz 0-0: Called Strike
0-1: Swinging Strike
0-2: Strikes out swinging
Batting: SHB Arnold Moore 0-0: Ball
1-0: Ball
2-0: Ball
3-0: Called Strike
3-1: SOLO HOME RUN (Flyball, 7LD), Distance : 326 ft
Batting: RHB Steve Boyer 0-0: Swinging Strike
0-1: Foul Ball, location: 2F
0-2: Ball
1-2: Ball
2-2: Ball
3-2: Ground out 5-3 (Groundball, 5)
Bottom of the 4th over - 3 runs, 3 hits, 0 errors, 0 left on base; Kenosha 0 - Scottsdale 7
TOP OF THE 5TH
Kenosha Kingfish batting - Pitching for Scottsdale Scorpions : RHP John Robinson
Batting: LHB Josh Peterson 0-0: Foul Ball, location: 2F
0-1: Fly out, F4 (Popup, 13)
Batting: SHB José Ayala 0-0: Foul Ball, location: 2F
0-1: Called Strike
0-2: Ball
1-2: Strikes out swinging
Batting: LHB Justin McCoy 0-0: Ball
1-0: Foul Ball, location: 2F
1-1: Fly out, F8 (Flyball, 89XD)
Top of the 5th over - 0 runs, 0 hits, 0 errors, 0 left on base; Kenosha 0 - Scottsdale 7
BOTTOM OF THE 5TH
Scottsdale Scorpions batting - Pitching for Kenosha Kingfish : LHP Javier Robles
Now at 3B: Millard Ferguson
Batting: RHB Edgardo Gonzáles 0-0: Ball
1-0: Ground out 1-3 (Groundball, 13)
Batting: LHB Tony Ayala 0-0: Called Strike
0-1: Ball
1-1: Ball
2-1: Ball
3-1: Foul Ball, location: 2F
3-2: Foul Ball, location: 2F
3-2: Foul Ball, location: 2F
3-2: Foul Ball, location: 2F
3-2: SINGLE (Line Drive, 56)
Batting: RHB Ronald Smith 0-0: Ball
1-0: Called Strike
Tony Ayala steals 2nd base
1-1: Ball
2-1: Ball
3-1: Swinging Strike
3-2: Base on Balls
Batting: RHB José Méndez 0-0: Ball
1-0: Grounds into double play, 1-4-3 (Groundball, 15S)
Bottom of the 5th over - 0 runs, 1 hit, 0 errors, 1 left on base; Kenosha 0 - Scottsdale 7
TOP OF THE 6TH
Kenosha Kingfish batting - Pitching for Scottsdale Scorpions : RHP John Robinson
Batting: LHB Pat Williams 0-0: Ball
1-0: Ball
2-0: Called Strike
2-1: Ball
3-1: Fly out, F7 (Flyball, 7)
Batting: RHB Marcus Pittman 0-0: Called Strike
0-1: Called Strike
0-2: Strikes out swinging
Batting: RHB Millard Ferguson 0-0: Called Strike
0-1: Ball
1-1: Called Strike
1-2: Foul Ball, location: 2F
1-2: Ball
2-2: Foul Ball, location: 2F
2-2: Ball
3-2: Strikes out swinging
Top of the 6th over - 0 runs, 0 hits, 0 errors, 0 left on base; Kenosha 0 - Scottsdale 7
BOTTOM OF THE 6TH
Scottsdale Scorpions batting - Pitching for Kenosha Kingfish : LHP Javier Robles
Batting: LHB Ernesto Hernández 0-0: Called Strike
0-1: Called Strike
0-2: Ball
1-2: Ball
2-2: Strikes out swinging
Batting: LHB Clayton Bailey 0-0: Ball
1-0: Foul Ball, location: 2F
1-1: Foul Ball, location: 2F
1-2: Ball
2-2: Ball
3-2: Foul Ball, location: 2F
3-2: Fly out, F7 (Flyball, 7S)
Batting: LHB Pedro Díaz 0-0: Called Strike
0-1: Foul Ball, location: 2F
0-2: Ball
1-2: Strikes out swinging
Bottom of the 6th over - 0 runs, 0 hits, 0 errors, 0 left on base; Kenosha 0 - Scottsdale 7
TOP OF THE 7TH
Kenosha Kingfish batting - Pitching for Scottsdale Scorpions : RHP John Robinson
Batting: LHB Juan Rodríguez 0-0: Called Strike
0-1: Ball
1-1: Ball
2-1: Ball
3-1: Foul Ball, location: 2F
3-2: Strikes out swinging
Batting: RHB Ron Campbell 0-0: Foul Ball, location: 2F
0-1: Ball
1-1: Ball
2-1: Ball
3-1: SINGLE (Line Drive, 78S)
Batting: RHB Juan Escalante 0-0: Called Strike
0-1: Swinging Strike
0-2: Ball
1-2: Foul Ball, location: 2F
1-2: Foul Ball, location: 2F
1-2: Ball
2-2: Ball
3-2: SINGLE (Flyball, 89S)
Ron Campbell to second
Runner from 2nd tries for 3rd, SAFE, throw made to third
Batting: LHB Josh Peterson 0-0: Ball
1-0: Foul Ball, location: 2F
1-1: Foul Ball, location: 2F
1-2: Foul Ball, location: 2F
1-2: Ball
2-2: Foul Ball, location: 2F
2-2: Fly out, F7 (Flyball, 7LMF)
Runner from 3rd tags up, SCORES, no throw
Batting: SHB José Ayala 0-0: Called Strike
Juan Escalante is caught stealing 2nd base
Top of the 7th over - 1 run, 2 hits, 0 errors, 0 left on base; Kenosha 1 - Scottsdale 7
BOTTOM OF THE 7TH
Scottsdale Scorpions batting - Pitching for Kenosha Kingfish : LHP Javier Robles
Pitching: LHP Johnny Clark
Batting: SHB Arnold Moore 0-0: Ball
1-0: Ball
2-0: Called Strike
2-1: Swinging Strike
2-2: Foul Ball, location: 2F
2-2: Strikes out looking
Batting: RHB Steve Boyer 0-0: Called Strike
0-1: Ball
1-1: Foul Ball, location: 2F
1-2: Foul Ball, location: 2F
1-2: SINGLE (Line Drive, 4MD)
Batting: RHB Edgardo Gonzáles 0-0: Swinging Strike
0-1: Ball
Wild Pitch!
Steve Boyer to second
1-1: Ball
2-1: Ball
Wild Pitch!
Steve Boyer to third
3-1: Base on Balls
Batting: LHB Tony Ayala 0-0: Called Strike
0-1: Ball
1-1: Ball
2-1: Called Strike
2-2: Ball
3-2: Foul Ball, location: 2F
3-2: Strikes out swinging
Edgardo Gonzáles is caught stealing 2nd base
Batter strikes out.
Bottom of the 7th over - 0 runs, 1 hit, 0 errors, 1 left on base; Kenosha 1 - Scottsdale 7
TOP OF THE 8TH
Kenosha Kingfish batting - Pitching for Scottsdale Scorpions : RHP John Robinson
Now at SS: Robinson Fernández
Batting: SHB José Ayala 0-0: Swinging Strike
0-1: Ball
1-1: Foul Ball, location: 2F
1-2: Strikes out swinging
Batting: LHB Justin McCoy 0-0: Called Strike
0-1: Foul Ball, location: 2F
0-2: Foul Ball, location: 2F
0-2: Ball
1-2: Ground out 4-3 (Groundball, 34D)
Batting: LHB Pat Williams 0-0: Ball
1-0: Called Strike
1-1: Fly out, F5 (Flyball, 5D)
Top of the 8th over - 0 runs, 0 hits, 0 errors, 0 left on base; Kenosha 1 - Scottsdale 7
BOTTOM OF THE 8TH
Scottsdale Scorpions batting - Pitching for Kenosha Kingfish : LHP Johnny Clark
Batting: RHB Robinson Fernández 0-0: Ball
1-0: Swinging Strike
1-1: Ball
2-1: SOLO HOME RUN (Line Drive, 8RXD), Distance : 398 ft
Batting: RHB José Méndez 0-0: Called Strike
0-1: Ball
1-1: SOLO HOME RUN (Line Drive, 7LD), Distance : 318 ft
Batting: LHB Ernesto Hernández 0-0: Called Strike
0-1: Swinging Strike
0-2: Fly out, F8 (Flyball, 8LM)
Batting: LHB Clayton Bailey 0-0: Ball
1-0: Called Strike
1-1: SINGLE (Flyball, 89S)
Batting: LHB Pedro Díaz 0-0: Foul Ball, location: 2F
0-1: Called Strike
0-2: Ball
1-2: Ball
2-2: SINGLE (Groundball, 6MD)
Clayton Bailey to second
Batting: SHB Arnold Moore 0-0: Ball
1-0: Ball
2-0: Ball
3-0: Base on Balls
Clayton Bailey to third
Pedro Díaz to second
Batting: RHB Steve Boyer 0-0: Ball
1-0: Ball
2-0: Foul Ball, location: 2F
2-1: Ball
3-1: Called Strike
3-2: Strikes out looking
Batting: RHB Edgardo Gonzáles 0-0: Ball
1-0: Ball
2-0: Foul Ball, location: 2F
2-1: Called Strike
2-2: Foul Ball, location: 2F
2-2: SINGLE (Line Drive, 34D)
Clayton Bailey scores
Pedro Díaz to third
Arnold Moore to second
Runner from 3rd tries for Home, SAFE, no throw
Batting: LHB Tony Ayala 0-0: Called Strike
0-1: Called Strike
0-2: Ball
1-2: Strikes out swinging
Bottom of the 8th over - 4 runs, 5 hits, 0 errors, 2 left on base; Kenosha 1 - Scottsdale 11
TOP OF THE 9TH
Kenosha Kingfish batting - Pitching for Scottsdale Scorpions : RHP John Robinson
Batting: RHB Marcus Pittman 0-0: Ball
1-0: SINGLE (Groundball, 4MD)
Pitching: RHP Sterling Caldwell
Batting: RHB Millard Ferguson 0-0: Called Strike
0-1: Ball
1-1: Ball
Wild Pitch!
Marcus Pittman to second
2-1: Foul Ball, location: 2F
2-2: Ball
3-2: Foul Ball, location: 2F
3-2: Base on Balls
Pinch Hitting: RHB Rubén Hernández 0-0: Fly out, F8 (Flyball, 8LM)
Batting: RHB Ron Campbell 0-0: Foul Ball, location: 2F
0-1: Foul Ball, location: 2F
0-2: Foul Ball, location: 2F
0-2: Foul Ball, location: 2F
0-2: Ball
1-2: Ball
2-2: Foul Ball, location: 2F
2-2: Strikes out swinging
Batting: RHB Juan Escalante 0-0: Called Strike
0-1: Swinging Strike
0-2: Foul Ball, location: 2F
0-2: Ball
1-2: Strikes out swinging
Top of the 9th over - 0 runs, 1 hit, 0 errors, 2 left on base; Kenosha 1 - Scottsdale 11
Saturday, December 16th, 2017 - OOTP Baseball 18.8 Build 76